 Dungeon Sprint DCSS version 0.17-a0-1450-g7e755d1 (webtiles) character file.

2328 pulse the Severer (level 9, -1/73 HPs)
             Began as a Formicid Fighter on June 30, 2015.
             Was a High Priest of Cheibriados.
             Slain by a 13-headed hydra (7 damage)
             ... in the Dungeon (Sprint IX: "|||||||||||||||||||||||||||||").
             The game lasted 00:04:00 (771 turns).

pulse the Severer (Formicid Fighter)                 Turns: 771, Time: 00:04:03

Health: -1/73      AC: 10    Str: 37    XL:     9   Next: 69%
Magic:  10/10      EV: 19    Int: 19    God:    Cheibriados [*****.]
Gold:   0          SH: 14    Dex: 22    Spells: 0 memorised, 8 levels left

rFire  . . .     SeeInvis +     q - +5 war axe (freeze)
rCold  . . .     Clarity  .     r - +2 ring mail
rNeg   . . .     SustAt   .     c - +0 shield
rPois  .         Gourm    .     (helmet unavailable)
rElec  .         Spirit   .     (no cloak)
rCorr  .         Warding  .     (no gloves)
rMut   .         Stasis   +     a - +0 pair of boots
MR     .....                    (no amulet)
Stlth  +.........               t - +2 ring of evasion
                                s - +2 ring of evasion

@: very slow, not resistant to hostile enchantments, very unstealthy
A: permanent stasis, dig shafts and tunnels, four strong arms, antennae 3
a: Dig, Bend Time, Temporal Distortion, Slouch, Step From Time, Renounce
Religion


You were in the Dungeon.
You worshipped Cheibriados.
Cheibriados was extremely pleased with you.
You were not hungry.

You visited 1 branch

Inventory:

Hand weapons
 q - a +5 war axe of freezing (weapon)
Armour
 a - a +0 pair of boots (worn)
 c - a +0 shield (worn)
 r - a +2 ring mail (worn)
Magical staves
 p - an uncursed staff of energy
Jewellery
 s - a +2 ring of evasion (left hand)
 t - a +2 ring of evasion (right hand)
Magical devices
 o - a wand of cold (7)
Scrolls
 k - 2 scrolls of blinking
 m - 4 scrolls of remove curse
 n - 2 scrolls of amnesia
 w - 2 scrolls of fog
 y - 2 scrolls of recharging
Potions
 b - 2 potions of agility
 d - 2 potions of might
 f - a potion of invisibility
 g - 4 potions of heal wounds
 h - 3 potions of haste
 i - 4 potions of magic
 j - a potion of berserk rage
 l - 4 potions of curing
Miscellaneous
 u - a fan of gales
Comestibles
 e - a bread ration
 v - a beef jerky


   Skills:
 + Level 7.6 Fighting
 * Level 16.2 Axes
 + Level 7.3 Armour
 - Level 4.1 Dodging
 + Level 9.2 Shields
 * Level 1.7 Invocations


You had 8 spell levels left.
You didn't know any spells.

Dungeon Overview and Level Annotations

Branches:
Dungeon (1/1)

Altars:
Cheibriados
Dithmenos
Elyvilon
Fedhas
Gozag
Kikubaaqudgha
Makhleb
Nemelex Xobeh
Okawaru
Qazlal
Ru
Sif Muna
Trog
Vehumet
Xom
Yredelemnul
Zin
The Shining One
Beogh
Jiyva
Lugonu


Innate Abilities, Weirdness & Mutations

You are under a permanent stasis effect.
You can dig through walls and to a lower floor.
Your four strong arms can wield two-handed weapons with a shield.
You have a pair of large antennae on your head (SInv).


Message History

* * * LOW HITPOINT WARNING * * *
You are too injured to fight recklessly!
Unknown command.
You are too injured to fight recklessly!
Unknown command.
You are too injured to fight recklessly!
Drink which item? (? for menu, Esc to quit)
You feel much better. You block the 13-headed hydra's attack.
You block the 13-headed hydra's attack. The 13-headed hydra bites you!
* * * LOW HITPOINT WARNING * * *
The 13-headed hydra bites you!
* * * LOW HITPOINT WARNING * * *
The 13-headed hydra bites you.
* * * LOW HITPOINT WARNING * * *
The 13-headed hydra closely misses you. The 13-headed hydra bites you.
* * * LOW HITPOINT WARNING * * *
The 13-headed hydra misses you. You block the 13-headed hydra's attack.
The 13-headed hydra completely misses you.
The 13-headed hydra barely misses you. The 13-headed hydra bites you!
You die...

▓▓▓▓▓▓▓▓▓▓▓▓▓▓▓▓▓▓▓▓▓▓▓▓▓▓▓▓▓▓▓▓▓
).....).....'____________________
▓▓▓▓▓▓▓▓▓▓▓▓▓▓▓▓▓▓▓▓▓▓▓▓▓▓▓▓▓▓▓▓▓
.................................
▓▓▓▓▓▓▓▓▓▓▓▓▓▓▓▓▓▓▓▓▓▓▓▓▓▓▓▓▓▓▓▓▓
..'.....(.......@DFSFH.. {


{{{{{{ ▓▓▓▓▓▓▓▓▓▓▓▓▓▓▓▓▓▓▓▓▓▓▓▓ {{{{{{{{{{{{{ {{{{{{{{{{ You could see a
13-headed hydra, a hippogriff, a spiny frog, a water moccasin and a giant frog.

Vanquished Creatures
  A hydra (D)
  A gargoyle (D)
  A troll (D)
  A shadow (D)
  A trapdoor spider (D)
  A yak (D)
  A water moccasin (D)
  A sky beast (D)
  An ogre (D)
  A necrophage (D)
  2 giant frogs (D)
  A crimson imp (D)
  An orc priest (D)
  2 iguanas (D)
  A worker ant (D)
  An orc (D)
  A bat (D)
  A giant cockroach (D)
  A hobgoblin (D)
  A giant gecko zombie (D)
  A giant newt (D)
  2 goblins (D)
  A rat (D)
26 creatures vanquished.

Notes
Turn   | Place    | Note
--------------------------------------------------------------
     0 | D        | pulse the Formicid Fighter began the quest for the Orb.
     0 | D        | Reached XP level 1. HP: 18/18 MP: 1/1
     8 | D        | Reached skill level 4 in Shields
    39 | D        | Noticed a sky beast
    39 | D        | Noticed a crimson imp
    39 | D        | Noticed an orc priest
    56 | D        | Killed a sky beast
    56 | D        | Reached skill level 5 in Fighting
    56 | D        | Reached skill level 6 in Armour
    56 | D        | Reached XP level 2. HP: 14/28 MP: 2/2
    56 | D        | Reached XP level 3. HP: 17/34 MP: 3/3
    56 | D        | Reached XP level 4. HP: 20/40 MP: 4/4
    56 | D        | Reached XP level 5. HP: 23/46 MP: 5/5
    78 | D        | Killed an orc priest
    78 | D        | Reached skill level 7 in Shields
    86 | D        | Killed a crimson imp
   253 | D        | Found a glowing silver altar of Zin.
   253 | D        | Found a glowing golden altar of the Shining One.
   253 | D        | Found an ancient bone altar of Kikubaaqudgha.
   253 | D        | Found a basalt altar of Yredelemnul.
   253 | D        | Found a shimmering altar of Xom.
   253 | D        | Found a radiant altar of Vehumet.
   254 | D        | Found an iron altar of Okawaru.
   255 | D        | Found a burning altar of Makhleb.
   256 | D        | Found a deep blue altar of Sif Muna.
   257 | D        | Found a bloodstained altar of Trog.
   258 | D        | Found a sparkling altar of Nemelex Xobeh.
   259 | D        | Found a white marble altar of Elyvilon.
   260 | D        | Found a roughly hewn altar of Beogh.
   261 | D        | Found a viscous altar of Jiyva.
   262 | D        | Found a corrupted altar of Lugonu.
   263 | D        | Found a blossoming altar of Fedhas.
   264 | D        | Found a snail-covered altar of Cheibriados.
   265 | D        | Found a shadowy altar of Dithmenos.
   266 | D        | Found a stormy altar of Qazlal.
   267 | D        | Found an opulent altar of Gozag.
   268 | D        | Found a sacrificial altar of Ru.
   272 | D        | Became a worshipper of Cheibriados the Contemplative
   317 | D        | Noticed a necrophage
   317 | D        | Noticed an ogre
   317 | D        | Noticed a troll
   317 | D        | Noticed a worker ant
   321 | D        | Reached skill level 8 in Shields
   324 | D        | Killed a necrophage
   324 | D        | Acquired Cheibriados's first power
   324 | D        | Reached XP level 6. HP: 46/55 MP: 6/6
   327 | D        | Killed an ogre
   327 | D        | Reached XP level 7. HP: 51/60 MP: 7/7
   331 | D        | Killed a troll
   331 | D        | Reached skill level 10 in Axes
   334 | D        | Killed a worker ant
   343 | D        | Noticed a gargoyle
   343 | D        | Noticed a giant frog
   343 | D        | Noticed a shadow
   343 | D        | Noticed a five-headed hydra
   343 | D        | Noticed a yak
   348 | D        | Killed a gargoyle
   348 | D        | Reached skill level 12 in Axes
   348 | D        | Reached XP level 8. HP: 44/67 MP: 8/8
   351 | D        | HP: 3/67 [eight-headed hydra (11)]
   355 | D        | Killed a ten-headed hydra
   355 | D        | Acquired Cheibriados's second power
   355 | D        | Reached skill level 14 in Axes
   355 | D        | Reached XP level 9. HP: 21/72 MP: 9/9
   356 | D        | Killed a giant frog
   363 | D        | Killed a shadow
   363 | D        | Reached skill level 15 in Axes
   366 | D        | Killed a yak
   366 | D        | Acquired Cheibriados's third power
   638 | D        | Noticed a trapdoor spider
   642 | D        | Killed a trapdoor spider
   642 | D        | Reached skill level 16 in Axes
   755 | D        | Noticed an iguana
   755 | D        | Noticed a water moccasin
   755 | D        | Noticed a giant frog
   755 | D        | Noticed an iguana
   755 | D        | Noticed a spiny frog
   755 | D        | Noticed a seven-headed hydra
   756 | D        | Killed an iguana
   757 | D        | Noticed a water moccasin
   759 | D        | Noticed a giant frog
   759 | D        | Killed a water moccasin
   759 | D        | Reached skill level 1 in Invocations
   760 | D        | Killed a giant frog
   760 | D        | Acquired Cheibriados's fourth power
   762 | D        | Killed an iguana
   767 | D        | Noticed a hippogriff
   771 | D        | Slain by a 13-headed hydra

Vault maps used:
D:        linesprint

Action                   |  1- 3 |  4- 6 |  7- 9 || total
-------------------------+-------+-------+-------++-------
Melee: War axe           |    30 |    35 |    47 ||   112
  Use: Potion            |       |     2 |     3 ||     5
       Scroll            |       |       |     2 ||     2
